 Dungeon Crawl Stone Soup version 0.30-a0-4-ga7cffc901d (webtiles) character file.

Game seed: 16730608283474615751

532 Setbun the Slicer (level 7, -1/44 HPs)
             Began as a Kobold Brigand on Aug 21, 2022.
             Succumbed to a gnoll's poison
             ... on level 4 of the Dungeon.
             The game lasted 00:04:01 (3825 turns).

Setbun the Slicer (Kobold Brigand)                  Turns: 3825, Time: 00:04:02

Health: -1/44      AC:  6    Str:  7 (8)  XL:     7   Next: 49%
Magic:  7/7        EV: 14    Int: 12 (13) God:
Gold:   179        SH:  0    Dex: 15 (18) Spells: 6/6 levels left

rFire   + . .      SeeInvis .    j - +0 dagger (elec)
rCold   + . .      Faith    .    (no shield)
rNeg    . . .      Spirit   .    w - +1 robe {rC+ rF+}
rPois   .          Reflect  .    p - +0 helmet
rElec   .          Harm     .    c - +0 cloak
rCorr   .          Rampage  .    (no gloves)
Will    .....                    m - +0 pair of boots
Stlth   ++++......               (no amulet)
HPRegen 0.14/turn                (no ring)
MPRegen 0.10/turn                (no ring)

@: lethally poisoned (-1 -> -24)
A: small, no large weapons, nightstalker 3, hooves 1, robust 1
a: no special abilities


You were on level 4 of the Dungeon.
You visited 1 branch of the dungeon, and saw 4 of its levels.

You collected 179 gold pieces.

Inventory:

Hand Weapons
 a - a +2 dagger
 j - a +0 dagger of electrocution (weapon)
Missiles
 d - 14 poisoned darts (quivered)
 e - 3 curare-tipped darts
 q - a throwing net
Armour
 b - a +0 robe
 c - a +0 cloak (worn)
 m - a +0 pair of boots (worn)
 p - a +0 helmet (worn)
 w - a +1 robe of resistance (worn)
Wands
 l - a wand of flame (29)
 v - a wand of iceblast (4)
Scrolls
 f - a scroll of torment {unknown}
 g - a scroll of enchant weapon {unknown}
 k - a scroll of noise {unknown}
 r - 3 scrolls of identify {unknown}
 s - a scroll of teleportation {unknown}
 t - a scroll of vulnerability {unknown}
Potions
 h - a potion of attraction
 i - 2 potions of degeneration
 n - a potion of curing
 o - a potion of mutation
 u - 2 potions of heal wounds


   Skills:
 - Level 2.1 Fighting
 + Level 10.1 Short Blades
 - Level 2.1 Throwing
 - Level 1.2 Dodging
 - Level 5.3 Stealth


You had 6 spell levels left.
You didn't know any spells.
Your spell library contained the following spells:

 Spells                   Type           Power      Damage    Failure   Level
 Apportation              Tloc           0%         N/A       32%         1
 Necrotise                Necr           0%         1d4       32%         1
 Summon Small Mammal      Summ           0%         N/A       32%         1
 Ensorcelled Hibernation  Hex/Ice        0%         N/A       45%         2
 Spider Form              Tmut/Pois      0%         N/A       69%         3
 Anguish                  Hex/Necr       0%         N/A       97%         4
 Olgreb's Toxic Radiance  Pois           0%         N/A       97%         4
 Summon Ice Beast         Ice/Summ       0%         N/A       97%         4
 Summon Mana Viper        Hex/Summ       0%         N/A       100%        5
 Monstrous Menagerie      Summ           0%         N/A       100%        7
 Ozocubu's Refrigeration  Ice            0%         4d7       100%        7
 Ignition                 Fire           0%         3d3       100%        8


Dungeon Overview and Level Annotations

Branches:
Dungeon (4/15)
 Temple: D:4-7

Altars:
Nemelex Xobeh
Xom


Innate Abilities, Weirdness & Mutations

You are small and have problems with some larger weapons.
You are completely attuned to the shadows.
You have large cloven feet.
You are robust. (+10% HP)


Message History

Things that are here:
a +0 spear; a gnoll corpse The gnoll shouts!
The gnoll hits you but does no damage.
The gnoll hits you from afar with a +2 halberd of venom.
You are poisoned.
You barely miss the gnoll.
You feel very sick.
There are monsters nearby!
There are monsters nearby!
You hit the gnoll but do no damage.
You feel sick. The gnoll barely misses you. The gnoll completely misses you.
You hit the gnoll but do no damage. You punch the gnoll.
The gnoll is lightly wounded.
You feel sick.
You hit the gnoll. Lightning courses through the gnoll!
You kill the gnoll!
You feel sick. The gnoll closely misses you.
You feel sick.
The gnoll hits you with a +2 halberd of venom!
You are lethally poisoned!
Things that are here:
a +0 spear; a gnoll corpse You closely miss the gnoll.
You feel very sick.
You hit the gnoll.
The gnoll is lightly wounded.
You feel sick.
The gnoll hits you with a +2 halberd of venom.
* * * LOW HITPOINT WARNING * * *
You are more poisoned.
You hit the gnoll.
The gnoll is heavily wounded.
* * * LOW HITPOINT WARNING * * *
You feel very sick.
You hit the gnoll but do no damage. Lightning courses through the gnoll!
You kill the gnoll!
* * * LOW HITPOINT WARNING * * *
You feel very sick.
You die...

........###
.####>.....
##.#### #.#
#.# #.# #.#
###.######.#
.....).)@...#
###########.#


There were no monsters in sight!

Vanquished Creatures
  Sigmund (D:2)
  An ogre (D:2)
  2 orc priests (D:3)
  An orc wizard (D:3)
  Robin (D:2)
  5 adders
  3 gnolls (D:4)
  An ufetubus (D:4)
  A worm (D:2)
  6 dart slugs
  5 orcs (D:3)
  8 endoplasms
  2 giant cockroaches (D:1)
  18 goblins
  10 hobgoblins
  2 jackals (D:1)
  3 quokkas
  9 ball pythons
  8 bats
  3 frilled lizards
  9 kobolds
  3 rats
102 creatures vanquished.

Notes
Turn   | Place    | Note
-------+----------+-------------------------------------------
     0 | D:1      | Setbun the Kobold Brigand began the quest for the Orb.
     0 | D:1      | Reached XP level 1. HP: 12/12 MP: 1/1
    73 | D:1      | Reached skill level 3 in Short Blades
    99 | D:1      | Reached XP level 2. HP: 17/17 MP: 2/2
   236 | D:1      | Reached skill level 4 in Short Blades
   446 | D:1      | Reached XP level 3. HP: 21/21 MP: 3/3
   611 | D:1      | Found a faded altar of an unknown god.
   799 | D:1      | Reached skill level 5 in Short Blades
  1187 | D:2      | Noticed Sigmund
  1199 | D:2      | Killed Sigmund
  1200 | D:2      | Reached skill level 7 in Short Blades
  1200 | D:2      | Reached XP level 4. HP: 6/26 MP: 4/4
  1200 | D:2      | Reached XP level 5. HP: 7/30 MP: 5/5
  1200 | D:2      | Reached XP level 6. HP: 8/35 MP: 6/6
  1779 | D:2      | Reached skill level 8 in Short Blades
  1972 | D:2      | Noticed an ogre
  1974 | D:2      | Killed an ogre
  2062 | D:2      | Noticed Robin
  2107 | D:2      | Reached skill level 9 in Short Blades
  2114 | D:2      | Killed Robin
  2540 | D:2      | Reached XP level 7. HP: 40/40 MP: 7/7
  2810 | D:3      | Found a shimmering altar of Xom.
  2812 | D:3      | Found a sparkling altar of Nemelex Xobeh.
  2945 | D:3      | Gained mutation: You have large cloven feet. [potion of
                  | mutation]
  2945 | D:3      | Gained mutation: You are robust. (+10% HP) [potion of
                  | mutation]
  3811 | D:4      | Reached skill level 10 in Short Blades
  3825 | D:4      | Succumbed to a gnoll's poison

Illustrated notes

Levels and vault maps discovered:
D:1:      psy_arrival_heroes, layout_basic,
          hellmonk_ecumenical_altar_arch_garden, st_stairs_1,
          minmay_misc_feat_doors
D:2:      minmay_door_path, layout_loops_ring, minivault_25,
          small_statue_intersection, uniq_sigmund, uniq_robin
D:3:      layout_loops_ring, chequers_temple_overflow_statue_of_worship
D:4:      layout_basic

Skill      XL: |  1  2  3  4  5  6  7 |
---------------+----------------------+-----
Short Blades   | 3 4 7 9 10 | 10.1
Fighting       | |  2.1
Throwing       | |  2.1
Dodging        | |  1.2
Stealth        | |  5.3

Action                   |  1- 3 |  4- 6 |  7- 9 || total
-------------------------+-------+-------+-------++-------
Melee: Dagger            |    80 |    89 |    84 ||   253
       Punch             |     1 |       |     2 ||     3
  Use: Potion            |     2 |       |     4 ||     6
 Stab: Sleeping          |    20 |    11 |    16 ||    47
Armor: Robe              |    14 |    14 |     8 ||    36
       Skin              |     7 |       |       ||     7
Dodge: Dodged            |    32 |    42 |    33 ||   107

Table legend: (Time is in decaauts)
 A = Elapsed time spent in this place.
 B = Non-inter-level travel time spent in this place.
 C = Inter-level travel time spent in this place.
 D = Time resting spent in this place.
 E = Time spent auto-exploring this place.
 F = Levels seen in this place.
 G = Mean time per level.
                   A        B        C        D        E       F      G
               +--------+--------+--------+--------+--------+-----+--------+
         Total |   3730 |   3568 |    162 |    606 |   2436 |   4 |  932.5 |
       Dungeon |   3730 |   3568 |    162 |    606 |   2436 |   4 |  932.5 |
               +--------+--------+--------+--------+--------+-----+--------+

Top non-repeatable levels by time:
     D:2: 1668 daAuts
     D:1: 1036 daAuts
     D:3: 968 daAuts
     D:4: 56 daAuts
